 Dungeon Crawl Stone Soup version 0.26-a0-689-gc93c913f66 (webtiles) character file.

Game seed: 8213503557875074078

191 DogServant the Insei (level 5, -3/28 HPs)
             Began as a Vine Stalker Transmuter on Oct 22, 2020.
             Slain by an iguana (5 damage)
             ... on level 3 of the Dungeon.
             The game lasted 00:02:58 (2643 turns).

DogServant the Insei (Vine Stalker Transmuter)      Turns: 2643, Time: 00:02:58

Health: -3/28      AC:  6    Str: 13    XL:     5   Next: 70%
Magic:  0/9        EV: 12    Int: 13    God:
Gold:   141        SH:  0    Dex: 15    Spells: 2/8 levels left

rFire    + . .     SeeInvis .     - Unarmed
rCold    + . .     Faith    .   (no shield)
rNeg     . . .     Spirit   +   a - +0 robe
rPois    +         Reflect  .   (no helmet)
rElec    +         Harm     .   (no cloak)
rCorr    +         Rampage  .   f - +2 pair of gloves
MR       .....                  i - +0 pair of boots
Stlth    +.........             (no amulet)
HPRegen  0.49/turn              (no ring)
MPRegen  0.11/turn              (no ring)

@: about to teleport, resistant
A: fangs 2, regeneration 1, magic shield, antimagic bite, no potion heal 3, rot
immunity
a: no special abilities


You were on level 3 of the Dungeon.
You visited 1 branch of the dungeon, and saw 4 of its levels.

You collected 141 gold pieces.

Inventory:

Armour
 a - a +0 robe (worn)
 f - a +2 pair of gloves (worn)
 i - a +0 pair of boots (worn)
Wands
 q - a wand of random effects (8)
Scrolls
 b - 2 scrolls of amnesia
 d - 2 scrolls of teleportation
 h - a scroll of enchant weapon {unknown}
 k - a scroll of immolation {unknown}
 l - 3 scrolls of identify {unknown}
 o - a scroll of fog {unknown}
 p - 2 scrolls of remove curse {unknown}
Potions
 e - 2 potions of lignification {unknown}
 g - 2 potions of ambrosia {unknown}
 j - a potion of degeneration {unknown}
 m - a potion of mutation {unknown}
 n - 4 potions of curing {unknown}
 r - a potion of brilliance {unknown}
 s - a potion of cancellation {unknown}
 t - a potion of might


   Skills:
 - Level 3.0 Fighting
 - Level 1.5 Dodging
 + Level 4.8 Unarmed Combat
 - Level 2.1 Spellcasting
 + Level 2.7 Transmutations


You had 2 spell levels left.
You knew the following spells:

 Your Spells              Type           Power        Failure   Level
a - Beastly Appendage     Tmut           #.....       9%          1
b - Wereblood             Tmut           #.......     12%         2
c - Spider Form           Tmut/Pois      #.........   38%         3

Your spell library contained the following spells:

 Spells                   Type           Power        Failure   Level
 Ice Form                 Ice/Tmut       #.......     80%         4
 Blade Hands              Tmut           #.........   92%         5


Dungeon Overview and Level Annotations

Branches:
Dungeon (4/15)
 Temple: D:4-7

Altars:
Fedhas
Uskayaw
Vehumet
The Shining One


Innate Abilities, Weirdness & Mutations

You have extremely sharp teeth.
Your natural rate of healing is unusually fast.
When hurt, damage is shared between your health and your magic reserves.
Your bite disrupts and absorbs the magic of your enemies.
Potions cannot restore your health.
You are immune to rotting.


Message History

The iguana is heavily wounded.
The iguana bites you!
You completely miss the iguana. Your bite misses the iguana.
The iguana is heavily wounded.
The iguana barely misses you.
You hit the iguana. You bite the iguana, but do no damage.
The iguana is heavily wounded.
The iguana bites you!
You hit the iguana but do no damage.
The iguana is heavily wounded.
The iguana bites you!
* * * LOW HITPOINT WARNING * * *
Okay, then.
Okay, then.
It was a potion of resistance.
You feel protected. The iguana closely misses you.
As you read the scroll of teleportation, it crumbles to dust.
You feel strangely unstable. The iguana bites you.
You die...

...........# #.######.#
####...#.†#####.# #.#
...†............# #.#
##.#...#...###### #.#
..###..#...# ##.#
.#.#...#..≈# #..#
.##....#..≈# #.##
...)......≈##########.#
.###......≈....l@...#.###
.###....≈.≈##...........#
..........≈...........#.#
...#..##.#≈########...#.#
##.........# #)..#.#####
#.#..###### #..........
#.#..# ##..########
#.#..# ##..###.#8_##
##.#..## #...##....._#


You could see an iguana.

Vanquished Creatures
  An orc priest (D:3)
  Natasha (thrice) (D:3)
  An ooze (D:3)
  4 worms
  3 dart slugs
  3 orcs (D:3)
  A ball python (D:2)
  7 bats
  6 giant cockroaches
  9 hobgoblins
  7 kobolds
  A quokka (D:2)
  4 frilled lizards
  10 goblins
  3 rats
63 creatures vanquished.

Notes
Turn   | Place    | Note
-------+----------+-------------------------------------------
     0 | D:1      | DogServant the Vine Stalker Transmuter began the quest for
                  | the Orb.
     0 | D:1      | Reached XP level 1. HP: 9/9 MP: 4/4
    53 | D:1      | Reached skill level 1 in Fighting
   260 | D:1      | Reached XP level 2. HP: 14/14 MP: 6/6
   918 | D:1      | Reached XP level 3. HP: 14/18 MP: 5/7
  2038 | D:3      | Noticed Natasha
  2049 | D:3      | Killed Natasha
  2049 | D:3      | Reached skill level 4 in Unarmed Combat
  2049 | D:3      | Gained mutation: Your natural rate of healing is unusually
                  | fast. [Vine Stalker growth]
  2049 | D:3      | Reached XP level 4. HP: 17/23 MP: 8/8
  2068 | D:3      | Found a glowing golden altar of the Shining One.
  2072 | D:3      | Found a radiant altar of Vehumet.
  2117 | D:3      | Noticed Natasha
  2124 | D:3      | Killed Natasha
  2186 | D:3      | Noticed Natasha
  2194 | D:3      | Killed Natasha
  2194 | D:3      | Reached XP level 5. HP: 17/28 MP: 5/9
  2244 | D:3      | Found a hide-covered altar of Uskayaw.
  2313 | D:3      | Learned a level 2 spell: Wereblood
  2317 | D:3      | Learned a level 3 spell: Spider Form
  2363 | D:3      | Found a blossoming altar of Fedhas.
  2563 | D:3      | Noticed a sky beast
  2641 | D:3      | HP: 1/28 [iguana (11)]
  2643 | D:3      | Slain by an iguana

Illustrated notes

Levels and vault maps discovered:
D:1:      kennysheep_arrival_seaside, layout_basic
D:2:      layout_rooms
D:3:      layout_loops_ring, marbit_many_paths, minitemple,
          overflow_temple_1_default, chequers_serial_rivers_micro_e,
          elyvilon_altar_4, uniq_natasha, uniq_jessica
D:4:      layout_basic, bloody_trog, zin_statuary,
          minmay_fractal_squares_diagonal_5

Skill      XL: |  1  2  3  4 |
---------------+-------------+-----
Fighting       | 1 2 3 |  3.0
Unarmed Combat | 4 |  4.8
Dodging        | |  1.5
Spellcasting   | |  2.1
Transmutations | |  2.7

Action                   |  1- 3 |  4- 6 || total
-------------------------+-------+-------++-------
Melee: Unarmed           |   130 |    84 ||   214
       Bite              |    31 |    27 ||    58
       Punch             |     1 |       ||     1
  Use: Scroll            |       |     3 ||     3
       Potion            |       |     1 ||     1
 Stab: Sleeping          |     3 |     2 ||     5
Armor: Robe              |    55 |    10 ||    65
Dodge: Dodged            |    98 |    47 ||   145

Table legend: (Time is in decaauts)
 A = Elapsed time spent in this place.
 B = Non-inter-level travel time spent in this place.
 C = Inter-level travel time spent in this place.
 D = Time resting spent in this place.
 E = Time spent auto-exploring this place.
 F = Levels seen in this place.
 G = Mean time per level.
                   A        B        C        D        E       F      G
               +--------+--------+--------+--------+--------+-----+--------+
         Total |   2630 |   2499 |    131 |    320 |   1736 |   4 |  657.5 |
       Dungeon |   2630 |   2499 |    131 |    320 |   1736 |   4 |  657.5 |
               +--------+--------+--------+--------+--------+-----+--------+

Top non-repeatable levels by time:
     D:1: 1398 daAuts
     D:2: 634 daAuts
     D:3: 583 daAuts
     D:4: 13 daAuts
